Unix NetHack Version 5.0.0-0 post-release - last build Jun 10 2026 00:39:30 (3ee93aec679c4c4259841fe613dc97188e26a321,branch:main).

Game began 2026-07-06 15:45:04, ended 2026-07-06 20:51:48.

IanCurtis, chaotic male elven Wizard

                                       -------
                        -----------    |.....|
                        |.........|    |..(..|
                        ..........|####.%....|                 ----
                        |.........-#   |...<.|                 ...|
                        |.....(...|    |.....|               .....|
                        --------.--    |.....|           .(.......|
    ---------                   #      -------    ## .............|
    |......[.#                  #                ##    ...\........
    |......%|               #####                ### .............-
    |....(.*(#      #####%#$)    v####.-.-------####
    |.......|##### ..-------         #..........##
    |.......|   ###.  .    |         #|........| #
    ---------      |    .  +          |.........
                        .  |          |........|
                        ----          ----------

IanCurtis the Thaumaturge  St:15 Dx:12 Co:14 In:20 Wi:10 Ch:10  Chaotic
Dlvl:7  $:32 HP:0(53) Pw:10(58) AC:9  Xp:7 T:5263  Deaf

Latest messages:
 You can hear again.
 You stop digging.
 What do you want to use or apply? [cdk-ouvHKV or ?*] d
 In what direction do you want to dig? [hkunjb>] k
 You continue digging.
 You stop digging.
 What do you want to use or apply? [cdk-ouvHKV or ?*] d
 In what direction do you want to dig? [hkunjb>] k
 You continue digging.
 You stop digging.
 What do you want to use or apply? [cdk-ouvHKV or ?*] o
 You start playing your leather drum.
 You beat a deafening row!
 The bugbear turns to flee.
 The ice vortex engulfs you!
 You are freezing to death!
 You begin bashing monsters with your pick-axe.
 You hit the ice vortex.
 You get expelled!
 You are carrying too much to get through.
 You don't have enough energy to cast that spell.
 What do you want to use or apply? [cdk-ouvHKV or ?*] o
 You start playing your leather drum.
 You pound on the drum.
 The bugbear turns to flee.
 The ice vortex touches you!
 You avoid harm.
 The ice vortex touches you!
 You're covered in frost!
 What do you want to wield? [- adG or ?*] a
 a - a blessed +1 quarterstaff (weapon in hands).
 The ice vortex engulfs you!
 You are freezing to death!
 You get expelled!
 You hit the ice vortex.
 The ice vortex touches you!
 You avoid harm.
 The ice vortex touches you!
 You're covered in frost!
 Your dark green potion freezes and shatters!
 What do you want to use or apply? [cdk-ouvHKV or ?*] H
 You put a brown potion into the bag.
 You put an uncursed clear potion into the bag.
 You put a cyan potion into the bag.
 You put an emerald potion into the bag.
 You put an uncursed potion of see invisible into the bag.
 The ice vortex engulfs you!
 You are freezing to death!
 You die...
 Do you want your possessions identified? [ynq] (y) q

Inventory:
 Coins    ('$')
  $ - 32 gold pieces
 Weapons  (')')
  G - 2 +0 daggers
  a - a blessed +1 quarterstaff (weapon in hands)
 Armor    ('[')
  b - an uncursed +0 cloak of magic resistance (being worn)
 Comestibles  ('%')
  T - an uncursed food ration
  P - an uncursed lizard corpse
 Scrolls  ('?')
  U - a cursed scroll of confuse monster
  i - 2 uncursed scrolls of create monster
  q - an uncursed scroll of enchant armor
  J - an uncursed scroll of enchant weapon
  C - an uncursed scroll of fire
  t - an uncursed scroll of identify
  x - an uncursed scroll of light
  B - a cursed scroll of light
 Spellbooks  ('+')
  l - an uncursed spellbook of chain lightning
  k - a blessed spellbook of force bolt
  K - an uncursed spellbook of healing
  v - a blessed spellbook of sleep
 Rings    ('=')
  e - an uncursed ring of fire resistance
  F - an uncursed -1 ring of increase damage
  A - an uncursed ring of searching
  I - an uncursed ring of see invisible
  S - an uncursed ring of slow digestion
 Wands    ('/')
  V - a wand of create monster (0:14)
  u - a wand of digging (0:6)
  c - a wand of teleportation (0:7)
 Tools    ('(')
  H - an uncursed bag of holding containing 6 items
  o - an uncursed leather drum
  n - an uncursed blindfold
  m - a magic marker (0:19)
  d - a +0 pick-axe

Contents of the bag of holding:
  2326 gold pieces
  a blessed potion of gain ability
  an uncursed potion of water
  an uncursed potion of confusion
  an uncursed potion of restore ability
  an uncursed potion of see invisible

IanCurtis the Wizard's attributes:

Background:
 You were a Thaumaturge, a level 7 male elven Wizard.
 You were chaotic, on a mission for Anhur
 who was opposed by Ptah (lawful) and Thoth (neutral).
 You were right-handed.
 You were in the Dungeons of Doom, on level 7.
 You entered the dungeon 5263 turns ago.
 You had 1214 experience points, 66 more were needed to attain level 8.

Basics:
 You had 0 out of 53 hit points.
 You had 10 out of 58 energy points (spell power).
 Your armor class was 9.
 Your wallet contained 32 zorkmids, and
 you had 2326 more stashed away in your pack.
 Autopickup was off.

Final Characteristics:
 Your strength was 15 (limit:18).
 Your dexterity was 12 (limit:18).
 Your constitution was 14 (limit:16).
 Your intelligence was 20 (limit:20).
 Your wisdom was 10 (limit:20).
 Your charisma was 10 (limit:18).

Final Status:
 You were deaf.
 You were engulfed by the ice vortex.
 You weren't hungry.
 You were unencumbered.
 You were wielding a quarterstaff.
 You were skilled in quarterstaff.

Final Attributes:
 You were piously aligned.
 You were magic-protected.
 You were sleep resistant.
 You were poison resistant.
 You were telepathic.
 You had infravision.
 You were warded.
 You are dead.

Miscellaneous:
 You didn't encounter any bones levels.
 Total elapsed playing time was 41 minutes and 30 seconds.

Major events:
 Turn
    1: IanCurtis the chaotic male elven Wizard entered the dungeon
 1378: attained the rank of Conjurer (level 3)
 1664: entered the Gnomish Mines
 3673: attained the rank of Thaumaturge (level 6)
 5263: killed by an ice vortex

Spells:
 Name                 Level Category     Fail Retention
 force bolt             1   attack         0%   71%-75%
 chain lightning        2   attack         0%   71%-75%
 sleep                  3   enchantment    0%   81%-90%

Skills:
 Fighting Skills
   bare handed combat [Unskilled]
   riding             [Unskilled]
 Weapon Skills
   dagger             [Unskilled]
   knife              [Unskilled]
   axe                [Unskilled]
   short sword        [Unskilled]
   club               [Unskilled]
   mace               [Unskilled]
   quarterstaff       [Skilled]
   polearms           [Unskilled]
   spear              [Unskilled]
   trident            [Unskilled]
   sling              [Unskilled]
   dart               [Unskilled]
   shuriken           [Unskilled]
 Spellcasting Skills
   attack spells      [Skilled]
   healing spells     [Unskilled]
   divination spells  [Unskilled]
   enchantment spells [Basic]
   clerical spells    [Unskilled]
   escape spells      [Unskilled]
   matter spells      [Unskilled]

Voluntary challenges:
 Character rerolling was not enabled.
 You never genocided any monsters.
 You never polymorphed an object.
 You never changed form.
 You used no wishes.
Achievements:
 You entered a shop.
 You attained the rank of Conjurer.
 You entered the Gnomish Mines.
 You attained the rank of Thaumaturge.

 The Dungeons of Doom: levels 1 to 7
    Level 1:
       A fountain.
    Level 2:
       A sink.
    Level 3:
    Level 4:
       A general store.
       Stairs down to The Gnomish Mines.
    Level 5:
    Level 6: "vault"
       A fountain, a grave.
    Level 7: <- You were here.
       A throne.
       Final resting place for
          you, killed by an ice vortex.
 The Gnomish Mines:
    Level 5:


Vanquished creatures:
  a small mimic
  a tengu
  2 wolves
 13 leprechauns
  2 orc-captains
  a lizard
  a dwarf leader
  a snake
  a mountain nymph
  3 Mordor orcs
  a pony
  3 fog clouds
  a shrieker
  2 gnome leaders
  a gnomish wizard
  a kobold mummy
  a floating eye
  a kitten
  4 dwarves
  a kobold shaman
  2 monkeys
  a dwarf zombie
  a werejackal
  2 hobbits
  a large kobold
  3 hobgoblins
  a giant rat
  2 cave spiders
  9 gnomes
  3 geckos
  5 jackals
  a fox
  a kobold
  a goblin
  2 sewer rats
  a grid bug
  a bat
  3 lichens
  a kobold zombie
  7 newts
90 creatures vanquished.

No species were genocided or became extinct.

Game over:
                       ----------
                      /          \
                     /    REST    \
                    /      IN      \
                   /     PEACE      \
                  /                  \
                  |    IanCurtis     |
                  |     2358 Au      |
                  | killed by an ice |
                  |      vortex      |
                  |                  |
                  |                  |
                  |       2026       |
                 *|     *  *  *      | *
        _________)/\\_//(\/(/\)/\//\/|_)_______

Goodbye IanCurtis the Wizard...

You died in The Dungeons of Doom on dungeon level 7 with 7299 points,
and 2358 pieces of gold, after 5263 moves.
You were level 7 with a maximum of 53 hit points when you died.

